 Dungeon Crawl Stone Soup version 0.20-a0-700-gbd4582c (webtiles) character file.

196 polly the Shield-Bearer (level 5, -11/33 HPs)
             Began as a Gargoyle Fighter on Feb 20, 2017.
             Was an Initiate of Okawaru.
             Mangled by an ogre
             ... wielding a +0 giant club
              (29 damage)
             ... on level 3 of the Dungeon.
             The game lasted 00:03:57 (2541 turns).

polly the Shield-Bearer (Gargoyle Fighter)          Turns: 2541, Time: 00:03:57

Health: -11/33     AC: 13    Str: 20    XL:     5   Next: 74%
Magic:  5/5        EV:  6    Int:  8    God:    Okawaru [......]
Gold:   163        SH:  9    Dex: 10    Spells: 4/4 levels left

rFire    . . .     SeeInvis .   a - +0 flail
rCold    + . .     Gourm    +   v - +0 chain mail
rNeg     + . .     Faith    .   c - +0 shield
rPois    ∞         Spirit   .   (no helmet)
rElec    +         Reflect  .   q - scarf {rC+}
rCorr    .         Harm     .   (no gloves)
MR       .....                  (no boots)
Stlth    ..........             s - amulet of the gourmand
Regen    0.2/turn               (no ring)
MPRegen  0.1/turn               (no ring)

@: no status effects
A: negative energy resistance 1, electricity resistance, unbreathing,
petrification resistance, rot immunity, AC +4
a: Renounce Religion


You were on level 3 of the Dungeon.
You worshipped Okawaru.
Okawaru was noncommittal.
You were not hungry.

You visited 1 branch of the dungeon, and saw 4 of its levels.

You collected 163 gold pieces.

Inventory:

Hand Weapons
 a - a +0 flail (weapon)
Armour
 c - a +0 shield (worn)
 q - a scarf of cold resistance (worn)
 v - a +0 chain mail (worn)
Jewellery
 s - an amulet of the gourmand (around neck)
Scrolls
 e - 4 scrolls of identify {unknown}
 g - a scroll of enchant armour {unknown}
 i - 3 scrolls of immolation {unknown}
 j - a scroll of magic mapping {unknown}
 l - 2 scrolls of amnesia {unknown}
 m - 3 scrolls of remove curse {unknown}
 r - 2 scrolls of teleportation {unknown}
 t - a scroll of random uselessness {unknown}
Potions
 d - a potion of might
 h - a potion of heal wounds {unknown}
 k - a potion of mutation {unknown}
 n - a potion of ambrosia {unknown}
Comestibles
 f - 2 bread rations
 o - 3 fruits
 p - a meat ration
 u - a royal jelly


   Skills:
 + Level 3.8 Fighting
 + Level 3.7 Maces & Flails
 + Level 3.7 Armour
 + Level 1.0 Dodging
 + Level 4.8 Shields


You had 4 spell levels left.
You didn't know any spells.

Dungeon Overview and Level Annotations

Branches:
Dungeon (4/15)
 Temple: D:4-7

Altars:
Elyvilon
Fedhas
Gozag
Okawaru


Innate Abilities, Weirdness & Mutations

You are resistant to torment.
Your stone body is resilient. (AC +4)
You are immune to poison.
You resist negative energy. (rN+)
You are resistant to electric shocks. (rElec)
You can survive without breathing.
You are immune to petrification.
You are immune to rotting.


Message History

The gnoll barely misses you. The gnoll hits you but does no damage.
You climb upwards.
There is a stone staircase leading down here.
You block the worker ant's attack. The gnoll hits you with a whip.
The worker ant bites you but does no damage.
The worker ant bites you but does no damage.
You barely miss the ogre. The ogre barely misses you.
Your shield prevents you from hitting the ogre.
The ogre hits you but does no damage.
You hit the ogre.
The ogre is moderately wounded.
You block the ogre's attack.
You hit the ogre but do no damage.
The ogre is moderately wounded.
The ogre barely misses you.
You completely miss the ogre.
The ogre is moderately wounded.
The ogre hits you with a giant club!!
Ouch! That really hurt!
You die...

######### #####
#.......# #...#
#.#####.# ###...# #.#
#.# ......#
###.#####.### ......#
#........<..#
##....####.#'#######.#
............>.aO@..#.#
.#....###.....g###.#.#
......###..........#.#
...............###.#.#
.###.####.#....'...#.#
.....# #.#.)..###.#.#
.##### #.#...<..#.#.#
.## #.#....#.#.#.# ..#
#.#......#.#.#


You could see an ogre, a worker ant and a gnoll.

Vanquished Creatures
  Ijyb (D:3)
  A worker ant (D:4)
  An orc wizard (D:3)
  2 adders
  An ooze (D:2)
  3 worms
  3 leopard geckos
  7 orcs (D:3)
  3 giant cockroaches
  3 goblins
  5 hobgoblins
  6 jackals
  A quokka (D:3)
  2 ball pythons
  14 bats
  3 frilled lizards
  13 kobolds
  13 rats
82 creatures vanquished.

Notes
Turn   | Place    | Note
-------+----------+-------------------------------------------
     0 | D:1      | polly the Gargoyle Fighter began the quest for the Orb.
     0 | D:1      | Reached XP level 1. HP: 14/14 MP: 1/1
   304 | D:1      | Reached XP level 2. HP: 19/19 MP: 2/2
   806 | D:2      | Reached skill level 4 in Shields
   816 | D:2      | Reached XP level 3. HP: 14/23 MP: 3/3
   954 | D:2      | Found a blossoming altar of Fedhas.
  1089 | D:2      | Found an iron altar of Okawaru.
  1112 | D:2      | Reached XP level 4. HP: 18/28 MP: 4/4
  1114 | D:2      | Became a worshipper of Warmaster Okawaru
  1203 | D:2      | Found a white marble altar of Elyvilon.
  1533 | D:3      | Noticed Ijyb
  1561 | D:3      | Killed Ijyb
  1582 | D:3      | Reached XP level 5. HP: 13/32 MP: 5/5
  1992 | D:3      | Found an opulent altar of Gozag.
  2259 | D:4      | Reached skill level 1 in Dodging
  2261 | D:4      | Noticed an ogre
  2541 | D:3      | Mangled by an ogre

Vault maps used:
D:1:      lemuel_arrival_funnel
D:2:      cheibrodos_helix_gallery, fedhas_altar_2, elyvilon_altar_4,
          old_standard_altar
D:3:      grunt_ministairs_15, grunt_gozag_statues, uniq_iyjb
D:4:      first_bread

Skill      XL: |  1  2  3  4  5 |
---------------+----------------+-----
Shields        | 4 |  4.8
Maces & Flails | 3 |  3.7
Dodging        | 1 |  1.0
Fighting       | |  3.8
Armour         | |  3.7

Action                   |  1- 3 |  4- 6 || total
-------------------------+-------+-------++-------
Melee: Flail             |   181 |   162 ||   343
  Use: Potion            |       |     3 ||     3
  Eat: Chunk             |     1 |     6 ||     7
Armor: Scale mail        |   130 |    75 ||   205
       Chain mail        |       |    21 ||    21
Dodge: Dodged            |    79 |    51 ||   130
Block: Shield            |   119 |    84 ||   203
